 Dungeon Crawl Stone Soup version 0.27-a0-1125-g131cd56 (webtiles) character file.

Game seed: 9463582651595434319

588 Meow the Sneak (level 7, -4/55 HPs)
             Began as a Naga Venom Mage on May 3, 2021.
             Was a Follower of Okawaru.
             Shot with an arrow by a centaur (15 damage)
             ... on level 4 of the Dungeon.
             The game lasted 00:16:24 (3472 turns).

Meow the Sneak (Naga Venom Mage)                    Turns: 3472, Time: 00:16:25

Health: -4/55      AC:  9    Str: 10    XL:     7   Next: 38%
Magic:  13/13      EV:  9    Int: 18    God:    Okawaru [*.....]
Gold:   145        SH:  0    Dex: 11    Spells: 7/14 levels left

rFire    . . .     SeeInvis +   a - +2 falchion (freeze)
rCold    . . .     Faith    .   (no shield)
rNeg     . . .     Spirit   .   b - +0 robe
rPois    +         Reflect  .   i - +0 helmet
rElec    .         Harm     .   e - +0 cloak
rCorr    .         Rampage  .   (no gloves)
Will     .....                  (no barding)
Stlth    +++.......             (no amulet)
HPRegen  0.18/turn              v - +4 ring of protection
MPRegen  0.13/turn              (no ring)

@: very slow
A: AC +2, large, see invisible, deformed body, poison resistance, slowness 2,
spit poison 1, naga tail 1
a: Spit Poison, Renounce Religion, Heroism


You were on level 4 of the Dungeon.
You worshipped Okawaru.
Okawaru was aware of your devotion.
You visited 1 branch of the dungeon, and saw 5 of its levels.

You collected 145 gold pieces.

Inventory:

Hand Weapons
 a - a +2 falchion of freezing (weapon)
 j - a +0 mace
 w - a +0 vorpal quarterstaff
Missiles
 c - 89 stones (quivered)
 p - 24 sling bullets
 q - 17 arrows
 r - 21 bolts
Armour
 b - a +0 robe (worn)
 e - a +0 cloak (worn)
 i - a +0 helmet (worn)
Jewellery
 v - a +4 ring of protection (left hand)
Wands
 n - a wand of flame (15)
Scrolls
 d - a scroll of torment {unknown}
 f - a scroll of teleportation
 o - a scroll of amnesia {unknown}
 s - 2 scrolls of identify
 x - a scroll of holy word {unknown}
Potions
 g - 2 potions of lignification {unknown}
 h - 2 potions of flight {unknown}
 k - 2 potions of haste {unknown}
 l - 3 potions of curing {unknown}
 m - a potion of attraction
 t - a potion of brilliance {unknown}
 u - a potion of mutation {unknown}


   Skills:
 - Level 1.5 Dodging
 + Level 7.5 Stealth
 + Level 4.4 Spellcasting
 - Level 1.0 Transmutations
 + Level 7.0 Poison Magic


You had 7 spell levels left.
You knew the following spells:

 Your Spells              Type           Power      Damage    Failure   Level
a - Sting                 Tmut/Pois      72%        1d6       2%          1
c - Mephitic Cloud        Conj/Pois/Air  12%        N/A       16%         3
C - Ignite Poison         Fire/Tmut/Pois 13%        N/A       14%         3

Your spell library contained the following spells:

 Spells                   Type           Power      Damage    Failure   Level
 Poisonous Vapours        Pois/Air       32%        N/A       4%          2
 Olgreb's Toxic Radiance  Pois           29%        N/A       8%          4
 Confusing Touch          Hex            4%         N/A       38%         3
 Gell's Gravitas          Tloc           2%         N/A       38%         3
 Petrify                  Tmut/Erth      5%         N/A       75%         4
 Yara's Violent Unravell  Hex/Tmut       2%         3d3       97%         5
 Metabolic Englaciation   Hex/Ice        2%         N/A       98%         5


Dungeon Overview and Level Annotations

Branches:
Dungeon (5/15)
 Temple: D:4-7

Altars:
Cheibriados
Makhleb
Okawaru
Trog
Zin

Shops:
D:1 ?


Innate Abilities, Weirdness & Mutations

Your serpentine skin is tough. (AC +2)
You have supernaturally acute eyesight. (SInv)
Armour fits poorly on your strangely shaped body.
Your system is resistant to poisons. (rPois)
You cover ground very slowly.
You can spit poison.
You have a snake-like lower body.


Message History

Magic restored.
There is a stone staircase leading down, spattered with blood here.
You climb downwards.
There is a stone staircase leading up here.
You see here a +0 falchion.
HP restored.
Found a stone staircase leading down.
There is a stone staircase leading down here.
A hobgoblin is nearby!
Press: ? - help, Shift-Dir - straight line, f - hobgoblin
Aim: a hobgoblin (wandering, hasn't noticed you)
The splash of poison misses the hobgoblin.
Casting: Sting (safe; 2% risk of failure)
Confirm with . or Enter, or press ? or * to list all spells.
You can't see any susceptible monsters within range! (Use Z to cast anyway.) Unknown command.
Casting: Sting (safe; 2% risk of failure)
Confirm with . or Enter, or press ? or * to list all spells.
Aiming: Sting (safe; 2% risk of failure)
Press: ? - help, Shift-Dir - straight line, f/p - hobgoblin
Aim: a hobgoblin (74% to hit)
The sting hits the hobgoblin.
The hobgoblin is poisoned.
The hobgoblin is severely wounded.
The hobgoblin hits you but does no damage.
The centaur shouts!
You hit the hobgoblin. You freeze the hobgoblin.
You kill the hobgoblin!
Okawaru accepts your kill.
You have got your breath back.
The centaur wields a +2 shortbow of freezing.
It is covered in frost.
The centaur shoots an arrow.
The arrow hits you! The arrow freezes you.
The centaur shoots an arrow.
The arrow hits you! The arrow freezes you.
The centaur shoots an arrow.
The arrow hits you. The arrow freezes you.
The centaur shoots an arrow.
The arrow hits you!
* * * LOW HITPOINT WARNING * * *
The arrow freezes you.
* * * LOW HITPOINT WARNING * * *
The centaur shoots an arrow.
The arrow hits you!
You die...

......###...###...###.......#
).........8......c.#$......$.#
..#...###..g###...........)..#
.....##.g#.#K ##..##...$.....#
.##.##...#.#l. ##.##.......>##
.##.#g..##.##. #.##.#.....##
.##.#.S##...##. #.##.##...##
.##.####.....####.##.# ##
................@....#
..########.###.####### ..#
#.....# ..# #####.#### #.#
#.>..# #.# ####.# #.#
############.# #.#
#............# #.#
#.############


You could see a centaur.

Vanquished Creatures
  A black bear (D:4)
  2 ogres (D:4)
  A phantom (D:4)
  A hound (D:3)
  A hound skeleton (D:4)
  Robin (D:3)
  5 gnolls
  6 adders
  4 worms
  A dart slug (D:1)
  4 orcs (D:3)
  6 ball pythons
  5 endoplasms
  A giant cockroach (D:2)
  21 goblins
  6 hobgoblins
  4 jackals
  5 kobolds
  A quokka (D:2)
  7 bats
  4 rats
87 creatures vanquished.

Notes
Turn   | Place    | Note
-------+----------+-------------------------------------------
     0 | D:1      | Meow the Naga Venom Mage began the quest for the Orb.
     0 | D:1      | Reached XP level 1. HP: 15/15 MP: 3/3
   171 | D:1      | Reached XP level 2. HP: 15/22 MP: 1/5
   387 | D:1      | Found a faded altar of an unknown god.
   478 | D:1      | Found Peokhusi's Magic Scroll Shoppe.
   822 | D:2      | Reached XP level 3. HP: 28/28 MP: 6/6
   826 | D:2      | Learned a level 3 spell: Mephitic Cloud
  1136 | D:2      | Reached XP level 4. HP: 36/36 MP: 4/8
  1140 | D:2      | Learned a level 3 spell: Ignite Poison
  1341 | D:2      | Reached skill level 5 in Poison Magic
  1718 | D:3      | Found a snail-covered altar of Cheibriados.
  1718 | D:3      | Found a bloodstained altar of Trog.
  1718 | D:3      | Found an iron altar of Okawaru.
  1725 | D:3      | Became a worshipper of Warmaster Okawaru
  1877 | D:3      | Noticed Robin
  1961 | D:4      | Reached skill level 5 in Stealth
  2076 | D:3      | Killed Robin
  2077 | D:3      | Reached XP level 5. HP: 42/42 MP: 5/9
  2255 | D:3      | Found a glowing silver altar of Zin.
  2255 | D:3      | Found a burning altar of Makhleb.
  2416 | D:3      | Noticed an angel
  2417 | D:3      | Noticed a blizzard demon
  2832 | D:4      | Noticed a phantom
  2854 | D:5      | Entered Level 5 of the Dungeon
  2854 | D:5      | Noticed a phantom
  2962 | D:4      | Noticed a black bear
  2970 | D:4      | Noticed an ogre
  2980 | D:4      | Killed an ogre
  2980 | D:4      | Reached * piety under Okawaru
  2981 | D:4      | Reached XP level 6. HP: 49/49 MP: 5/11
  2993 | D:4      | Killed a black bear
  3130 | D:4      | Reached XP level 7. HP: 47/55 MP: 6/13
  3327 | D:4      | Noticed a wyvern
  3472 | D:4      | Shot with an arrow by a centaur

Illustrated notes

Levels and vault maps discovered:
D:1:      roderic_dead_forest, layout_rooms, serial_shops, shop_statue,
          shapermc_ecumenical_altar_notcrosses, minmay_misc_feat_rows,
          st_stairs_13, kennysheep_pointless_box
D:2:      layout_basic
D:3:      layout_loops_ring, grunt_temple_overflow_order_and_chaos_2,
          gammafunk_temple_overflow_claw, uniq_robin
D:4:      cheibrodos_barr_body, layout_loops_ring
D:5:      layout_basic, chequers_serial_rivers_room_b, grunt_ministairs_12

Skill      XL: |  1  2  3  4  5  6  7 |
---------------+----------------------+-----
Stealth        | 4 5 6 7 |  7.5
Poison Magic   | 5 6 7 |  7.0
Spellcasting   | 3 4 |  4.4
Dodging        | |  1.5
Transmutations | |  1.0

Action                   |  1- 3 |  4- 6 |  7- 9 || total
-------------------------+-------+-------+-------++-------
Melee: Falchion          |       |    16 |    14 ||    30
       Mace              |       |     1 |       ||     1
Throw: Stone             |    17 |     8 |       ||    25
 Cast: Sting             |    24 |    53 |    11 ||    88
       Mephitic Cloud    |       |     4 |     3 ||     7
       Ignite Poison     |       |       |     1 ||     1
 Abil: Spit Poison       |    28 |    57 |    13 ||    98
  Use: Scroll            |       |     1 |     1 ||     2
 Stab: Sleeping          |       |     1 |       ||     1
Armor: Robe              |     7 |    19 |    15 ||    41
Dodge: Dodged            |    16 |    23 |    13 ||    52
       Rpst.: Falchion   |       |     9 |     1 ||    10

Table legend: (Time is in decaauts)
 A = Elapsed time spent in this place.
 B = Non-inter-level travel time spent in this place.
 C = Inter-level travel time spent in this place.
 D = Time resting spent in this place.
 E = Time spent auto-exploring this place.
 F = Levels seen in this place.
 G = Mean time per level.
                   A        B        C        D        E       F      G
               +--------+--------+--------+--------+--------+-----+--------+
         Total |   4511 |   4287 |    224 |    501 |   2555 |   5 |  902.2 |
       Dungeon |   4511 |   4287 |    224 |    501 |   2555 |   5 |  902.2 |
               +--------+--------+--------+--------+--------+-----+--------+

Top non-repeatable levels by time:
     D:3: 1322 daAuts
     D:4: 1094 daAuts
     D:1: 1092 daAuts
     D:2: 1000 daAuts
     D:5: 1 daAuts
